AoeStats
← Pontos

Arabian Desert

509157382Analyzed
1v1 RM · 8d ago on Sep 25, 2026· 25m 44s· 2 players
Game mode
Random Map
Map size
Tiny (2 player)
Population
200
Speed
Normal
Resources
Standard
Victory
Conquest
Starting age
Dark Age
Ending age
Imperial Age
RankedLock teamsTeams togetherTeam positionsShared explorationLock speedFull tech treeHidden civsTurbo modeCheats
Victory
Defeat
🇫🇷 Japanese · France
632
+18
🇷🇺 Byzantines · Russia
672
-18
phiphi73000
10:36 Feudal Age
11:16 Man-at-Arms
23:18 Wheelbarrow
25:04 Castle Age
Pontos
12:45 Feudal Age
13:17 Double-Bit Axe
13:22 Arson
17:22 Man-at-Arms
19:07 Scale Mail Armor
Connection lost

Rejoining the realm…

Still unreachable

The connection could not be restored.

Session expired

The server has moved on; the page needs a fresh start.